 Dungeon Crawl Stone Soup version 0.30-a0-578-gdee14c521f (webtiles) character file.

Game seed: 11357194481776766330

149026 Zonian the Warrior (level 17, 0/99 HPs)
             Began as a Vine Stalker Brigand on Dec 31, 2022.
             Was the Champion of Uskayaw.
             Slain by a wolf spider simulacrum (3 damage)
             ... on level 4 of the Spider Nest.
             The game lasted 01:27:00 (28116 turns).

Zonian the Warrior (Vine Stalker Brigand)          Turns: 28116, Time: 01:27:01

Health: 0/99       AC: 20    Str: 16    XL:     17   Next: 50%
Magic:  0/30       EV: 14    Int: 13    God:    Uskayaw [******]
Gold:   538        SH:  8    Dex: 20    Spells: 28/33 levels left

rFire   . . .      SeeInvis +    t - +9 scimitar (flame)
rCold   + . .      Faith    .    O - +2 buckler
rNeg    . . .      Spirit   +    u - +1 swamp dragon scales
rPois   +          Reflect  .    m - +2 helmet
rElec   .          Harm     .    h - scarf {repulsion}
rCorr   .          Rampage  .    K - +2 pair of gloves
Will    ++++.                    z - +2 pair of boots {Stlth+}
Stlth   +++++                    S - amulet of regeneration
HPRegen 1.96/turn                L - +4 ring of slaying
MPRegen 0.22/turn                E - ring of Garatew {rC+ Will++ SInv}

@: lethally poisoned (0 -> -7), studying Shields, repel missiles
A: fangs 3, regeneration 1, magic shield, antimagic bite, no potion heal 2
a: Renounce Religion, Stomp, Line Pass, Grand Finale


You were on level 4 of the Spider Nest.
You worshipped Uskayaw.
Uskayaw was aware of your devotion.
You visited 5 branches of the dungeon, and saw 27 of its levels.
You also visited: Gauntlet and Volcano.

You collected 2475 gold pieces.
You spent 1937 gold pieces at shops.

Inventory:

Hand Weapons
 t - a +9 scimitar of flaming (weapon)
 D - a +1 dagger of draining
 H - a +1 vampiric dagger
Missiles
 d - 53 poisoned darts (quivered)
 e - 4 curare-tipped darts
 j - 3 silver javelins
 n - 3 atropa-tipped darts
 v - 6 javelins
 F - a throwing net
 V - 4 datura-tipped darts
Armour
 h - a scarf of repulsion (worn)
 m - a +2 helmet (worn)
 u - +1 swamp dragon scales (worn)
 z - a +2 pair of boots of stealth (worn)
 K - a +2 pair of gloves (worn)
 O - a +2 buckler (worn)
Jewellery
 a - the ring "Qubuoriv" {Fly Int+5}
   (You found it in a Gauntlet)

   [ring of flight]

   Int:       It affects your intelligence (+5).
   Fly:       It grants you flight.
 b - an amulet of reflection
 g - the ring "Otsuhipp" {rCorr SInv}
   (You found it in a Gauntlet)

   [ring of resist corrosion]

   SInv:      It lets you see invisible.
   rCorr:     It protects you from acid and corrosion.
 w - a ring of resist corrosion
 E - the ring of Garatew (right hand) {rC+ Will++ SInv}
   (You found it on level 14 of the Dungeon)

   [ring of see invisible]

   rC:        It protects you from cold.
   SInv:      It lets you see invisible.
   Will:      It greatly increases your willpower.
 J - a ring of protection from fire
 L - a +4 ring of slaying (left hand)
 P - a ring of poison resistance
 R - a ring of positive energy
 S - an amulet of regeneration (around neck)
 T - a ring of protection from cold
 U - the ring of Summer {Ice Str+3}
   (You found it on level 5 of the Lair of Beasts)

   [ring of ice]

   It enhances your ice magic.
   Str:       It affects your strength (+3).
   rF:        It makes you vulnerable to fire.
   rC:        It protects you from cold.
Wands
 p - a wand of charming (6)
 s - a wand of flame (10)
 y - a wand of polymorph (11)
 B - a wand of mindburst (4)
 C - a wand of roots (13)
 W - a wand of light (11)
Scrolls
 f - 5 scrolls of poison
 i - 8 scrolls of teleportation
 k - 2 scrolls of enchant armour
 r - 5 scrolls of magic mapping
 A - a scroll of enchant weapon
 N - a scroll of summoning
 X - a scroll of fog
 Z - 6 scrolls of identify
Potions
 c - 5 potions of brilliance
 o - 2 potions of lignification
 q - a potion of curing
 x - 3 potions of ambrosia
 G - 7 potions of flight
 I - 3 potions of might
 M - 2 potions of berserk rage
Miscellaneous
 Q - a phial of floods
 Y - a box of beasts


   Skills:
 - Level 15.0 Fighting
 - Level 6.2(10.7) Short Blades
 - Level 13.4(14.0) Long Blades
 - Level 4.0 Throwing
 - Level 8.0 Armour
 - Level 6.2 Dodging
 - Level 10.8 Stealth
 - Level 5.0 Shields
 - Level 8.5 Spellcasting
 - Level 5.0 Translocations
 + Level 4.2 Ice Magic
 - Level 8.0 Invocations
 - Level 8.0 Evocations


You had 28 spell levels left.
You knew the following spells:

 Your Spells              Type           Power      Damage    Failure   Level
a - Blink                 Tloc           36%        N/A       5%          2
b - Frozen Ramparts       Ice            32%        1d5       16%         3

Your spell library contained the following spells:

 Spells                   Type           Power      Damage    Failure   Level
 Apportation              Tloc           36%        N/A       3%          1
 Freeze                   Ice            64%        1d7       4%          1
 Lesser Beckoning         Tloc           36%        N/A       11%         3
 Teleport Other           Tloc           18%        N/A       11%         3
 Momentum Strike          Conj/Tloc      24%        3d8       16%         2
 Ozocubu's Armour         Ice            16%        N/A       16%         3
 Foxfire                  Conj/Fire      20%        2x1d5     28%         1
 Shock                    Conj/Air       20%        1d4       28%         1
 Portal Projectile        Hex/Tloc       24%        N/A       30%         3
 Hailstorm                Conj/Ice       10%        3d5       36%         3
 Manifold Assault         Tloc           18%        N/A       36%         4
 Poisonous Vapours        Pois/Air       10%        N/A       41%         2
 Call Canine Familiar     Summ           5%         N/A       65%         3
 Dazzling Flash           Conj/Hex       10%        N/A       65%         3
 Swiftness                Air            5%         N/A       65%         3
 Tukima's Dance           Hex            5%         N/A       65%         3
 Airstrike                Air            2%         2d(1-17)  96%         4
 Animate Armour           Summ/Erth      10%        N/A       96%         4
 Animate Dead             Necr           5%         N/A       96%         4
 Summon Lightning Spire   Summ/Air       5%         N/A       96%         4
 Agony                    Necr           5%         N/A       100%        5
 Blade Hands              Tmut           2%         N/A       100%        5
 Borgnjor's Vile Clutch   Necr/Erth      2%         N/A       100%        5
 Fireball                 Conj/Fire      2%         3d4       100%        5
 Silence                  Hex/Air        2%         N/A       100%        5
 Conjure Ball Lightning   Conj/Air       2%         3x3d7     100%        6
 Death Channel            Necr           2%         N/A       100%        6
 Starburst                Conj/Fire      2%         6d3       100%        6
 Ozocubu's Refrigeration  Ice            8%         4d9       100%        7
 Storm Form               Tmut/Air       2%         N/A       100%        7
 Discord                  Hex            2%         N/A       100%        8
 Disjunction              Tloc           9%         N/A       100%        8
 Maxwell's Capacitive Co  Air            2%         ∞         100%        8
 Shatter                  Erth           2%         3d6*      100%        9


Dungeon Overview and Level Annotations

Branches:
Dungeon (15/15) Temple (1/1) D:7 Lair (5/5) D:10 Shoals (0/4) Lair:3 Spider (4/4) Lair:2 Slime (0/5) Lair:4 Orc (2/2) D:11 Elf (0/3) Orc:2 Vaults (0/5) D:12 D:13 Depths (0/4) D:15 Volcano (visited) Gauntlet (visited)

Altars:
Elyvilon
Uskayaw
Wu Jian
Xom
The Shining One

Shops:
D:5 ?   Orc:2 (=:[*

Annotations:
D:5 1 runed translucent door, Crazy Yiuf
D:6 1 transporter, miket3c's ghost, novice MiFi
D:14 Eweu's ghost, adept DjFE; Jucaots's ghost, journeyman DsFi; Nozufem's ghost, journeyman MiAr; Pijotal's ghost, journeyman DjEE; Venk's ghost, adept DjFE
Orc:2 1 runed translucent door, Iich's ghost, journeyman MiFi


Innate Abilities, Weirdness & Mutations

You have razor-sharp teeth.
Your natural rate of healing is unusually fast.
When hurt, damage is shared between your health and your magic reserves.
Your bite disrupts and absorbs the magic of your enemies.
Potions cannot restore your health.


Message History

The wolf spider bites you.
You are poisoned.
The wolf spider poisons you!
The wolf spider simulacrum hits you but does no damage.
You block the wolf spider simulacrum's attack.
The culicivora bites you.
The culicivora draws strength from your injuries!
You slash the broodmother! You burn the broodmother. You bite the broodmother.
You drain its power.
You feel invigorated.
The broodmother is severely wounded.
You feel very sick. The wolf spider hits you.
* * * LOW HITPOINT WARNING * * *
You block the wolf spider's attack. The broodmother bites you!!
* * * LOW HITPOINT WARNING * * *
A spider bursts forth from the wound!
The wolf spider simulacrum barely misses you. x2
The culicivora bites you.
* * * LOW HITPOINT WARNING * * *
The culicivora draws strength from your injuries!
A wolf spider comes into view.
The tarantella touches you but does no damage.
Unknown command.
Okay, then.
As you read the scroll of fear, it crumbles to dust.
You assume a fearsome visage.
The wolf spider simulacrum is unaffected.
The wolf spider looks frightened!
The redback simulacrum is unaffected.
The broodmother looks frightened!
The culicivora looks frightened!
The orb spider looks frightened!
The redback looks frightened!
The wolf spider looks frightened!
The wolf spider's many legs skitter.
The tarantella looks frightened!
The culicivora looks frightened!
* * * LOW HITPOINT WARNING * * *
You feel very sick.
The wolf spider simulacrum barely misses you.
The wolf spider simulacrum bites you!
* * * LOW HITPOINT WARNING * * *
The wolf spider simulacrum freezes you. You resist.
You die...

## ^......##
###.###...(...#
#..^.....^....#
#.............#
#..............
##....s..^s.....
#......ZZ.......
###.^.....@.s.....
#^.....s..s.s.....
#^........s......
##^.............
#............^..
#...............
#.###....^........
#...^..<..........
##...............


You could see a broodmother (soul bound, fleeing), a wolf spider (summoned,
fleeing), an orb spider (summoned, fleeing), 2 culicivoras, a tarantella
(summoned, fleeing), a redback (summoned, fleeing), a wolf spider simulacrum and
a redback simulacrum.

Vanquished Creatures
  Rupert (D:13)
  2 sphinxes (D:14)
  Kirke (Spider:3)
  A fire giant (D:15)
  2 emperor scorpions
  3 ghost moths
  An orc warlord (Orc:2)
  The ghost of Idogg the Bludgeoner, a journeyman GrFi of Okawaru (D:15)
  A broodmother (Spider:2)
  A minotaur (Gauntlet)
  2 spark wasps
  A fire dragon (D:15)
  An entropy weaver (Spider:2)
  Josephine (D:14)
  Fannar (D:11)
  Erolcha (D:10)
  3 boulder beetles
  2 ogre magi (D:15)
  4 hydras
  2 jorogumos (Spider:3)
  Erica (D:8)
  A radroach (Spider:1)
  3 centaur warriors
  9 two-headed ogres
  4 death yaks
  A tengu warrior (D:13)
  A death knight (D:15)
  3 orc high priests (Orc:2)
  Urug (D:13)
  Sonja (Lair:5)
  Amaemon (D:11)
  2 sun moths
  7 pharaoh ants
  4 skeletal warriors (D:15)
  A goliath frog (Lair:5)
  3 orb spiders
  A glowing orange brain (Gauntlet)
  5 wolf spider zombies (Spider:2)
  A necromancer (Spider:2)
  3 steelbarb worms
  Pikel (D:6)
  16 wolf spiders
  6 orc knights
  6 cyclopes
  4 deep elf pyromancers
  2 manticores
  2 orc sorcerers (Orc:1)
  8 ugly things
  3 moths of wrath
  A merfolk siren (Lair:3)
  14 elephants
  2 black mambas
  A torpor snail (Spider:2)
  A black mamba (shapeshifter) (Gauntlet)
  An orange demon (D:11)
  2 gargoyles (D:12)
  14 cane toads
  8 rime drakes
  An unseen horror (D:11)
  6 komodo dragons
  8 demonic crawlers (Spider:2)
  An efreet (D:15)
  6 redback zombies (Spider:2)
  6 meliai
  A merfolk (Lair:3)
  3 tyrant leeches (Lair:5)
  A tarantella (shapeshifter) (D:11)
  3 polar bears
  A wolf spider simulacrum (D:14)
  17 tarantellas
  9 trolls
  30 blink frogs
  6 culicivora zombies (Spider:2)
  A raiju (shapeshifter) (D:9)
  Prince Ribbit (D:8)
  7 tarantella zombies (Spider:2)
  20 jumping spiders
  A flying skull (Volcano)
  10 slime creatures
  2 spriggans (shapeshifter)
  A shadow (D:12)
  19 culicivoras
  40 yaks
  4 wraiths (D:14)
  A ynoxinul (Gauntlet)
  2 golden eyes (shapeshifter) (D:12)
  17 humans
  14 basilisks
  14 wyverns
  A hog (shapeshifter) (D:13)
  3 hogs (Spider:3)
  Grum (D:9)
  37 redbacks
  A steam dragon (D:6)
  11 vampire mosquitoes
  2 wargs
  Edmund (D:6)
  An acid dragon (D:9)
  7 water moccasins
  4 ice beasts
  26 orc warriors
  A sky beast (D:7)
  A black bear (D:6)
  9 wolves
  16 ogres
  11 centaurs
  A lemure (D:5)
  4 phantoms
  3 kobold brigands
  19 bullfrogs
  A gnoll sergeant (D:9)
  5 scorpions
  8 wights
  An elephant simulacrum (D:12)
  7 killer bees
  5 electric eels
  3 howler monkeys
  A bullfrog zombie (D:4)
  5 gnoll boudas
  3 jellies (D:6)
  4 orc priests
  8 hounds
  2 iron imps (Gauntlet)
  An iguana (D:7)
  3 scorpion zombies (D:4)
  22 orc wizards
  2 troll simulacra (D:12)
  6 hell rats (D:14)
  2 polar bear simulacra (D:12)
  A spriggan simulacrum (D:12)
  2 wolf simulacra (D:12)
  3 hound zombies (D:4)
  A hound skeleton (D:4)
  2 howler monkey zombies (D:4)
  26 gnolls
  6 adders
  A shadow imp (D:6)
  A white imp (D:7)
  An ufetubus (D:7)
  An adder zombie (D:4)
  4 worms (Lair:2)
  An adder skeleton (D:4)
  4 dart slugs
  44 orcs
  6 ball pythons
  8 endoplasms
  4 giant cockroaches
  6 goblins
  3 hobgoblins
  2 jackals (D:1)
  13 kobolds
  A quokka (D:3)
  6 bats
  4 frilled lizards
  A quokka skeleton (D:4)
  5 rats
836 creatures vanquished.

Vanquished Creatures (collateral kills)
  A radroach (Spider:3)
  An orb spider (Spider:3)
  Maggie (D:6)
  4 redbacks (Spider:3)
  An iguana (D:6)
8 creatures vanquished.

Vanquished Creatures (others)
  An orc wizard (Orc:2)
  An orc (Orc:1)
  9 bushes (D:15)
  36 fungi
  77 plants
124 creatures vanquished.

Grand Total: 968 creatures vanquished

Notes
Turn   | Place    | Note
-------+----------+-------------------------------------------
     0 | D:1      | Zonian the Vine Stalker Brigand began the quest for the
                  | Orb.
     0 | D:1      | Reached XP level 1. HP: 11/11 MP: 2/2
   135 | D:1      | Reached skill level 1 in Dodging
   135 | D:1      | Reached XP level 2. HP: 10/15 MP: 1/3
   343 | D:1      | Reached skill level 5 in Stealth
   412 | D:1      | Reached skill level 2 in Fighting
   803 | D:2      | Reached XP level 3. HP: 18/18 MP: 4/4
  1127 | D:2      | Found a faded altar of an unknown god.
  1492 | D:3      | Gained mutation: Your natural rate of healing is unusually
                  | fast. [Vine Stalker growth]
  1492 | D:3      | Reached XP level 4. HP: 5/23 MP: 2/5
  1493 | D:3      | HP: 1/23 [frozen (3)]
  2074 | D:4      | Reached XP level 5. HP: 27/27 MP: 4/6
  2235 | D:4      | Noticed a phantom
  2236 | D:4      | Noticed a phantom
  2287 | D:4      | Killed a phantom
  2300 | D:4      | Noticed a phantom
  2322 | D:4      | Killed a phantom
  2323 | D:4      | Reached skill level 3 in Fighting
  2323 | D:4      | Reached XP level 6. HP: 28/32 MP: 7/7
  2597 | D:4      | Reached XP level 7. HP: 30/36 MP: 6/8
  2913 | D:5      | Entered Level 5 of the Dungeon
  3325 | D:5      | Found a runed translucent door.
  3326 | D:5      | Noticed Crazy Yiuf
  3402 | D:5      | Found Jalur's Magic Scroll Shoppe.
  3565 | D:5      | Gained mutation: You have razor-sharp teeth. [Vine Stalker
                  | growth]
  3565 | D:5      | Reached XP level 8. HP: 42/42 MP: 9/9
  3740 | D:5      | Reached skill level 4 in Fighting
  4094 | D:6      | Noticed Pikel
  4174 | D:6      | Found a shimmering altar of Xom.
  4197 | D:6      | Noticed Maggie
  4201 | D:6      | Noticed Edmund
  4214 | D:6      | Killed Edmund
  4215 | D:6      | Killed Maggie
  4445 | D:6      | Reached skill level 5 in Short Blades
  4445 | D:6      | Reached XP level 9. HP: 46/46 MP: 10/10
  4453 | D:6      | Reached skill level 5 in Fighting
  4473 | D:6      | Killed Pikel
  4785 | D:6      | Found a transporter.
  4786 | D:6      | Identified the +5 dire flail "Seon" {drain, rPois MP+9
                  | Int+2}
  4786 | D:6      | Identified the +8 great mace of Qonkeheg {freeze, rPois
                  | Int+4 Stlth+}
  4786 | D:6      | Noticed a two-headed ogre
  4786 | D:6      | Noticed miket3c's ghost (novice MiFi)
  4910 | D:6      | Reached skill level 5 in Dodging
  5277 | D:7      | Found a staircase to the Ecumenical Temple.
  5325 | D:7      | Reached skill level 6 in Fighting
  5436 | D:7      | Reached XP level 10. HP: 35/51 MP: 7/11
  5788 | Temple   | Entered the Ecumenical Temple
  5838 | Temple   | Became a worshipper of Uskayaw the Reveller
  5899 | D:7      | Reached * piety under Uskayaw
  5903 | D:7      | Reached ** piety under Uskayaw
  5913 | D:7      | Reached skill level 10 in Stealth
  5919 | D:7      | Reached *** piety under Uskayaw
  5921 | D:7      | Reached skill level 1 in Long Blades
  6498 | D:8      | Reached **** piety under Uskayaw
  6799 | D:8      | Noticed Erica
  6839 | D:8      | Killed Erica
  7099 | D:8      | Noticed Prince Ribbit
  7123 | D:8      | Killed Prince Ribbit
  7134 | D:8      | Reached skill level 7 in Fighting
  7137 | D:8      | Reached ***** piety under Uskayaw
  7536 | D:5      | Bought 3 scrolls of enchant weapon for 292 gold pieces
  8348 | D:9      | Noticed Grum
  8354 | D:9      | Reached skill level 5 in Long Blades
  8355 | D:9      | Killed Grum
  8731 | D:9      | Reached XP level 11. HP: 58/58 MP: 12/12
  9198 | D:10     | Entered Level 10 of the Dungeon
  9198 | D:10     | Noticed a two-headed ogre
  9204 | D:10     | Killed a two-headed ogre
  9239 | D:10     | Noticed Erolcha
  9494 | D:10     | Reached ****** piety under Uskayaw
  9519 | D:10     | Found a staircase to the Lair.
  9636 | D:10     | Found a white marble altar of Elyvilon.
  9706 | D:10     | Killed Erolcha
  9707 | D:10     | Reached skill level 1 in Shields
  9932 | Lair:1   | Entered Level 1 of the Lair of Beasts
  9948 | Lair:1   | Found a dark tunnel.
  9994 | Volcano  | Entered a volcano
 10592 | Lair:1   | Reached XP level 12. HP: 63/63 MP: 13/13
 10598 | Lair:1   | Identified a scroll of acquirement
 10598 | Lair:1   | Acquired a manual of Shields
 11054 | Lair:1   | Reached skill level 5 in Shields
 11086 | Lair:2   | Reached skill level 10 in Long Blades
 11117 | Lair:2   | Found a hole to the Spider Nest.
 12882 | Lair:3   | Found a staircase to the Shoals.
 14345 | Lair:4   | Noticed a four-headed hydra
 14362 | Lair:4   | Killed a one-headed hydra
 14363 | Lair:4   | Reached XP level 13. HP: 67/67 MP: 14/14
 14383 | Lair:4   | Found a staircase to the Slime Pits.
 14406 | Lair:4   | Reached skill level 1 in Invocations
 14410 | Lair:4   | Reached skill level 1 in Armour
 14830 | Lair:5   | Entered Level 5 of the Lair of Beasts
 14992 | Lair:5   | Noticed Sonja
 15000 | Lair:5   | Killed Sonja
 15119 | Lair:5   | Reached skill level 8 in Fighting
 15369 | Lair:4   | Reached skill level 5 in Invocations
 16246 | Lair:4   | Reached skill level 9 in Fighting
 16364 | Lair:5   | Reached XP level 14. HP: 73/75 MP: 17/19
 16476 | Lair:5   | Reached skill level 5 in Armour
 16797 | Lair:5   | Identified the ring of Summer {Ice Str+3}
 17205 | D:11     | Noticed Amaemon
 17214 | D:11     | Killed Amaemon
 17290 | D:11     | Identified the +1 chain mail "Liosuv" {Dex+4}
 17320 | D:11     | Found a staircase to the Orcish Mines.
 17426 | D:11     | Noticed Fannar
 17442 | D:11     | Killed Fannar
 18321 | D:12     | Found a frozen archway.
 18970 | D:13     | Noticed Rupert
 18970 | D:13     | Noticed Urug
 18970 | D:13     | Found a gate to the Vaults.
 18985 | D:12     | Reached skill level 10 in Fighting
 19301 | D:13     | Found a gate leading to a gauntlet.
 19316 | Gauntlet | Entered a Gauntlet
 19316 | Gauntlet | Found a transporter.
 19316 | Gauntlet | Found a transporter.
 19337 | Gauntlet | Found a transporter.
 19340 | Gauntlet | Found a transporter.
 19350 | Gauntlet | Found a transporter.
 19353 | Gauntlet | Found a transporter.
 19432 | Gauntlet | Found a transporter.
 19437 | Gauntlet | Found a transporter.
 19440 | Gauntlet | Found a transporter.
 19443 | Gauntlet | Found a transporter.
 19451 | Gauntlet | Found a transporter.
 19470 | Gauntlet | Found a transporter.
 19571 | Gauntlet | Identified the ring "Qubuoriv" {Fly Int+5}
 19662 | Gauntlet | Identified the ring "Otsuhipp" {rCorr SInv}
 19712 | Gauntlet | Got the Volume of Adjuration and Orientation
 20235 | D:13     | Killed Urug
 20269 | D:13     | Got Miopaton's Essays on the Crystalline Brume
 20334 | D:13     | Reached skill level 1 in Spellcasting
 20346 | D:13     | Killed Rupert
 20611 | D:14     | Learned a level 2 spell: Blink
 20638 | D:14     | Noticed Josephine
 20652 | D:14     | Reached XP level 15. HP: 80/80 MP: 22/22
 20653 | D:14     | Killed Josephine
 20654 | D:14     | Reached skill level 1 in Translocations
 20732 | D:14     | Found a huge runed gate.
 20732 | D:14     | Found a huge runed gate.
 20732 | D:14     | Found a huge runed gate.
 20732 | D:14     | Found a huge runed gate.
 20743 | D:14     | Found a huge runed gate.
 20743 | D:14     | Found a huge runed gate.
 20743 | D:14     | Found a huge runed gate.
 20743 | D:14     | Found a huge runed gate.
 20743 | D:14     | Found a huge runed gate.
 20743 | D:14     | Found a huge runed gate.
 20744 | D:14     | Found a huge runed gate.
 20745 | D:14     | Found a huge runed gate.
 20760 | D:14     | Reached skill level 5 in Spellcasting
 20792 | D:14     | Identified the ring of Garatew {rC+ Will++ SInv}
 21153 | D:14     | Found a huge runed gate.
 21154 | D:14     | Found a huge runed gate.
 21155 | D:14     | Found a huge runed gate.
 21156 | D:14     | Found a huge runed gate.
 21157 | D:14     | Found a huge runed gate.
 21158 | D:14     | Found a huge runed gate.
 21159 | D:14     | Found a huge runed gate.
 21168 | D:14     | Found a huge runed gate.
 21168 | D:14     | Found a huge runed gate.
 21168 | D:14     | Found a huge runed gate.
 21168 | D:14     | Found a huge runed gate.
 21168 | D:14     | Found a huge runed gate.
 21204 | D:14     | Found a huge runed gate.
 21205 | D:14     | Found a huge runed gate.
 21206 | D:14     | Found a huge runed gate.
 21207 | D:14     | Found a huge runed gate.
 21221 | D:14     | Found a huge runed gate.
 21221 | D:14     | Found a huge runed gate.
 21221 | D:14     | Found a huge runed gate.
 21221 | D:14     | Found a huge runed gate.
 21221 | D:14     | Found a huge runed gate.
 21221 | D:14     | Found a huge runed gate.
 21222 | D:14     | Found a huge runed gate.
 21229 | D:14     | Found a huge runed gate.
 21518 | D:14     | Noticed Venk's ghost (adept DjFE)
 21518 | D:14     | Noticed a sphinx
 21518 | D:14     | Noticed Idogg's ghost (journeyman GrFi)
 21518 | D:14     | Noticed Pijotal's ghost (journeyman DjEE)
 21518 | D:14     | Noticed Eweu's ghost (adept DjFE)
 21518 | D:14     | Noticed Jucaots's ghost (journeyman DsFi)
 21518 | D:14     | Noticed a sphinx
 21519 | D:14     | Noticed Nozufem's ghost (journeyman MiAr)
 21535 | D:14     | Killed a sphinx
 21637 | D:14     | Killed a sphinx
 21680 | D:15     | Entered Level 15 of the Dungeon
 21692 | D:15     | Reached skill level 5 in Translocations
 21753 | D:15     | Noticed a fire giant
 22197 | D:15     | Reached skill level 11 in Fighting
 22422 | D:15     | Found a staircase to the Depths.
 22440 | D:15     | Killed a fire giant
 22533 | D:15     | Found an ornate altar of the Wu Jian Council.
 22761 | D:15     | Killed Idogg's ghost
 22931 | Orc:1    | Entered Level 1 of the Orcish Mines
 23145 | Orc:2    | Entered Level 2 of the Orcish Mines
 23148 | Orc:2    | Found a staircase to the Elven Halls.
 23149 | Orc:2    | Found Udaut's Jewellery Shoppe.
 23166 | Orc:2    | Found Ygimityh's Antique Armour Emporium.
 23183 | Orc:2    | Bought a pair of runed boots for 202 gold pieces
 23217 | Orc:2    | Found Wafoag's Book Shop.
 23233 | Orc:2    | Reached skill level 12 in Fighting
 23255 | Orc:2    | Reached skill level 1 in Evocations
 23336 | Orc:2    | Reached XP level 16. HP: 88/88 MP: 29/29
 23386 | Orc:2    | Found Gokut's Antique Weapon Shoppe.
 23485 | Orc:2    | Found a runed translucent door.
 23519 | Orc:2    | Noticed Iich's ghost (journeyman MiFi)
 23651 | Orc:2    | Found Lorrior's General Store.
 23695 | Orc:2    | Bought a scroll of teleportation for 39 gold pieces
 24139 | Orc:2    | Bought a +4 ring of slaying for 1404 gold pieces
 24296 | Spider:1 | Entered Level 1 of the Spider Nest
 24310 | Spider:1 | Reached skill level 5 in Evocations
 26302 | Spider:3 | Reached skill level 13 in Fighting
 26490 | Spider:3 | Noticed Kirke
 26571 | Spider:3 | Killed Kirke
 26668 | Spider:3 | Reached XP level 17. HP: 44/92 MP: 15/30
 26767 | Spider:2 | Reached skill level 14 in Fighting
 27211 | Spider:2 | Reached skill level 15 in Fighting
 27235 | Spider:2 | Learned a level 3 spell: Frozen Ramparts
 27246 | Spider:2 | You fall into a shaft and drop 1 floor!
 27320 | Spider:3 | Reached skill level 1 in Ice Magic
 28087 | Spider:4 | Entered Level 4 of the Spider Nest
 28116 | Spider:4 | HP: 3/99 [wolf spider simulacrum (3)]
 28116 | Spider:4 | Slain by a wolf spider simulacrum

Illustrated notes

Levels and vault maps discovered:
D:1:      roderic_crop_circles_arrival_small, layout_basic
D:2:      layout_rooms, hellmonk_ecumenical_altar_inner_sanctum
D:3:      layout_loops_ring
D:4:      nicolae_cairo_tiling_large_dashed, layout_loops_ring, serial_undead,
          serial_undead_f, serial_undead_d, serial_undead_a, serial_undead_d,
          serial_undead_e, serial_undead_c
D:5:      layout_basic, nicolae_stop_n_shop_2, uniq_crazy_yiuf_cottage
D:6:      layout_rooms, overflow_temple_1_default, gammafunk_ghost_smash,
          lightli_minifort, uniq_maggie, uniq_edmund, uniq_pikel
D:7:      layout_loops_ring, minmay_temple_entry_sparse_star,
          kennysheep_generic_room_15
D:8:      layout_rooms, kennysheep_diamond, uniq_prince_ribbit1, uniq_erica
D:9:      layout_layer_cave, uniq_grum
D:10:     layout_rooms, mainiacjoe_overflow_catwalk, erik_lair_island,
          uniq_erolcha
D:11:     layout_cave_pools, orc_0_dummy, uniq_amaemon, uniq_fannar
D:12:     layout_loops_corners, portal_ice_cave_entry_ice_simulacra,
          grunt_ministairs_5
D:13:     nicolae_whirlpool, layout_grid_maze, david_vaults_3,
          gauntlet_entry_generic, hangedman_decor_peaks_small
D:14:     layout_rooms, gammafunk_ghost_door_vault, nicolae_twisting_strands,
          special_room [special_room_mythical_zoo], chequers_jeans,
          kennysheep_decorative_pillar, uniq_josephine
D:15:     grunt_enter_depths_giant_problem, layout_basic, serial_park_square2,
          nicolae_wu_jian_immortal_techniques
Temple:   mainiacjoe_temple_cubbyholes
Lair:1:   layout_chaotic_city, enter_volcano_4, st_stairs_3
Lair:2:   layout_small_grid, nicolae_spider_entry_non_spiders,
          chequers_serial_rivers_small_3, fungi_pond_lemuel, st_stairs_11,
          dreamdust_gnoll_shepherd
Lair:3:   layout_regular_city, elwin_shoals_entry_rooms, grunt_megastairs_5
Lair:4:   wander_river, layout_cave_pods, slime_entry_1
Lair:5:   minmay_lair_end_frog_pond, layout_long_grid, uniq_sonja
Spider:1: layout_spider_delve
Spider:2: lemuel_spider_zombies, worms_lemuel
Spider:3: layout_spider_delve, drop_trap, uniq_kirke
Spider:4: hellmonk_spider_rune_bug_friends, ebering_ghost_xom
Orc:1:    layout_diamond_mine
Orc:2:    grunt_orc_gardens, layout_caves, grunt_orc_garden, grunt_orc_garden,
          grunt_orc_garden, grunt_orc_garden, ebering_ghost_inner_flame,
          minmay_shop_enchanted_jewellery

Skill      XL: |  1  2  3  4  5  6  7  8  9 10 11 12 13 14 15 16 17 |
---------------+----------------------------------------------------+-----
Dodging        | 1 2 3 4 5 6 |  6.2
Stealth        | 5 6 8 9 10 | 10.8
Short Blades   | 2 3 5 6 |  6.2
Fighting       | 2 3 4 6 7 9 10 12 13 15 | 15.0
Throwing       | 2 3 4 |  4.0
Long Blades    | 5 9 13 | 13.4
Shields        | 4 5 |  5.0
Invocations    | 5 8 |  8.0
Armour         | 4 8 |  8.0
Spellcasting   | 4 8 |  8.5
Translocations | 5 |  5.0
Evocations     | 1 8 |  8.0
Ice Magic      | 4 |  4.2

Action                   |  1- 3 |  4- 6 |  7- 9 | 10-12 | 13-15 | 16-18 || total
-------------------------+-------+-------+-------+-------+-------+-------++-------
Melee: Dagger            |    40 |   175 |   345 |   127 |     2 |       ||   689
       Bite              |     6 |    56 |   133 |   170 |   336 |   258 ||   959
       Punch             |       |     5 |     5 |     3 |       |       ||    13
       Scimitar          |       |       |    40 |   441 |   852 |   603 ||  1936
 Fire: Sling             |    73 |       |       |       |       |       ||    73
Throw: Dart              |       |       |     5 |    21 |    14 |     9 ||    49
       Throwing net      |       |       |       |     2 |     3 |     1 ||     6
       Javelin           |       |       |       |       |       |     3 ||     3
 Cast: Blink             |       |       |       |       |       |     1 ||     1
Evoke: Wand              |     2 |     2 |     4 |    16 |     3 |    11 ||    38
       Box of beasts     |       |       |       |       |       |     1 ||     1
       Phial of floods   |       |       |       |       |       |     1 ||     1
  Use: Scroll            |     3 |     6 |    10 |    19 |     9 |     6 ||    53
       Potion            |       |     1 |     2 |     2 |     8 |     6 ||    19
 Stab: Sleeping          |     5 |     8 |    12 |    17 |    13 |    16 ||    71
       Paralysed         |       |       |       |    30 |    84 |    47 ||   161
       Distracted        |       |       |       |     1 |     4 |     2 ||     7
       Held in net/web   |       |       |       |       |     2 |     2 ||     4
       Invisible         |       |       |       |       |       |     1 ||     1
Armor: Robe              |    26 |    26 |    46 |       |       |       ||    98
       Skin              |       |     3 |       |    36 |       |       ||    39
       Swamp dragon scal |       |       |    19 |    40 |   255 |   345 ||   659
       Steam dragon scal |       |       |    13 |    67 |       |       ||    80
Dodge: Dodged            |    53 |    82 |   174 |   432 |   396 |   390 ||  1527
       Repelled          |     1 |       |     2 |     5 |     9 |     1 ||    18
Block: Buckler           |       |       |       |    61 |   247 |   240 ||   548

Table legend: (Time is in decaauts)
 A = Elapsed time spent in this place.
 B = Non-inter-level travel time spent in this place.
 C = Inter-level travel time spent in this place.
 D = Time resting spent in this place.
 E = Time spent auto-exploring this place.
 F = Levels seen in this place.
 G = Mean time per level.
                   A        B        C        D        E       F      G
               +--------+--------+--------+--------+--------+-----+--------+
         Total |  27669 |  26091 |   1578 |   6654 |  12071 |  29 |  954.1 |
       Dungeon |  15280 |  14371 |    909 |   3121 |   7211 |  15 | 1018.7 |
        Temple |     87 |     50 |     37 |      0 |     42 |   1 |   87.0 |
          Lair |   7222 |   6729 |    493 |   2213 |   3237 |   5 | 1444.4 |
   Spider Nest |   3295 |   3222 |     73 |   1270 |    918 |   4 |  823.8 |
  Orcish Mines |   1222 |   1157 |     65 |      0 |    662 |   2 |  611.0 |
       Volcano |    140 |    140 |      0 |     14 |      0 |   1 |  140.0 |
      Gauntlet |    420 |    420 |      0 |     36 |      0 |   1 |  420.0 |
               +--------+--------+--------+--------+--------+-----+--------+

Top non-repeatable levels by time:
  Lair:4: 2092 daAuts
Spider:3: 1797 daAuts
  Lair:3: 1610 daAuts
     D:7: 1376 daAuts
  Lair:2: 1324 daAuts
    D:12: 1302 daAuts
     D:9: 1238 daAuts
    D:14: 1227 daAuts
     D:8: 1212 daAuts
     D:5: 1162 daAuts
  Lair:5: 1115 daAuts
    D:15: 1084 daAuts
  Lair:1: 1079 daAuts
     D:6: 1055 daAuts
    D:13: 977 daAuts
